 Dungeon Crawl Stone Soup version 0.28-a0-723-g095bd1b44f (webtiles) character file.

Game seed: 16211888326509611318

92 BlueGoblin the Ducker (level 4, -1/23 HPs)
             Began as a Vine Stalker Monk on Oct 26, 2021.
             Slain by an orc (2 damage)
             ... on level 3 of the Dungeon.
             The game lasted 00:03:41 (2305 turns).

BlueGoblin the Ducker (Vine Stalker Monk)           Turns: 2305, Time: 00:03:42

Health: -1/23      AC:  3    Str: 13    XL:     4   Next: 60%
Magic:  0/5        EV: 14    Int: 10    God:
Gold:   47         SH:  0    Dex: 18    Spells: 3/3 levels left

rFire   . . .      SeeInvis .   a - +0 short sword
rCold   . . .      Faith    .   (no shield)
rNeg    . . .      Spirit   +   b - +0 robe
rPois   .          Reflect  .   (no helmet)
rElec   .          Harm     .   (no cloak)
rCorr   .          Rampage  .   i - +0 pair of gloves
Will    .....                   (no boots)
Stlth   ++........              (no amulet)
HPRegen 1.07/turn               (no ring)
MPRegen 0.09/turn               (no ring)

@: no status effects
A: fangs 2, regeneration 1, magic shield, antimagic bite, no potion heal 2
a: no special abilities


You were on level 3 of the Dungeon.
You visited 1 branch of the dungeon, and saw 3 of its levels.

You collected 47 gold pieces.

Inventory:

Hand Weapons
 a - a +0 short sword (weapon)
Missiles
 c - 12 poisoned darts (quivered)
Armour
 b - a +0 robe (worn)
 i - a +0 pair of gloves (worn)
Scrolls
 d - a scroll of amnesia {unknown}
 e - a scroll of brand weapon {unknown}
 f - 2 scrolls of enchant armour {unknown}
 g - a scroll of noise {unknown}
Potions
 h - a potion of attraction {unknown}
 j - a potion of resistance {unknown}
 k - a potion of might {unknown}


   Skills:
 - Level 2.6 Fighting
 - Level 2.6 Short Blades
 + Level 4.3 Dodging
 - Level 2.4 Stealth


You had 3 spell levels left.
You didn't know any spells.
Your spell library was empty.

Dungeon Overview and Level Annotations

Branches:
Dungeon (3/15)

Altars:


Innate Abilities, Weirdness & Mutations

You have extremely sharp teeth.
Your natural rate of healing is unusually fast.
When hurt, damage is shared between your health and your magic reserves.
Your bite disrupts and absorbs the magic of your enemies.
Potions cannot restore your health.


Message History

The orc misses you. The adder closely misses you.
Something completely misses you.
You hit the adder.
You kill the adder!
The orc misses you. Something hits you.
You hit the orc.
The orc is heavily wounded.
The orc misses you.
You hit something. Your bite misses something. The orc misses you.
You miss something. Something hits you. The orc barely misses you.
The orc closely misses you.
You hit something. Your bite misses something. Something hits you.
The orc closely misses you. The orc barely misses you.
You miss something.
You hear some strange, mumbled words.
A magic dart appears from out of thin air!
The magic dart hits you! The orc hits you with a +0 whip.
The orc hits you with a +0 hand axe.
You closely miss something. You bite something.
An orc wizard appears from thin air!
Reactivating autopickup.
The orc wizard closely misses you. The orc barely misses you.
The orc misses you.
You hit the orc wizard but do no damage.
Your bite misses the orc wizard.
The orc wizard is heavily wounded.
The orc wizard misses you. The orc hits you but does no damage.
The orc hits you with a +0 hand axe.
You hit the orc wizard but do no damage.
Your bite misses the orc wizard.
The orc wizard is heavily wounded.
The orc wizard barely misses you. The orc hits you but does no damage.
The orc hits you with a +0 hand axe.
* * * LOW HITPOINT WARNING * * *
You hit the orc wizard.
The orc wizard is almost dead.
The orc wizard closely misses you. The orc hits you with a +0 hand axe.
* * * LOW HITPOINT WARNING * * *
The orc hits you with a +0 whip.
You die...

##### #...# #####
#...###### .....#
#........# .....#
#........# .....#
#........###.....#
#.........#......#
#.........#......#
#@o.#.###........#
#oo.#.# ##........
>..##.).#.###...####..
.......................
....#####..####.######
... ####.## ##.# ##
#....# #..#
######....####.###
.##......o......[.†#


You could see an orc wizard and 2 orcs.

Vanquished Creatures
  A hound skeleton (D:3)
  2 adders
  A worm (D:2)
  2 dart slugs
  4 orcs
  7 ball pythons
  2 bats
  5 endoplasms
  3 giant cockroaches
  5 goblins
  2 hobgoblins (D:1)
  2 jackals (D:1)
  2 quokkas (D:1)
  2 frilled lizards
  6 kobolds
  4 rats
50 creatures vanquished.

Notes
Turn   | Place    | Note
-------+----------+-------------------------------------------
     0 | D:1      | BlueGoblin the Vine Stalker Monk began the quest for the
                  | Orb.
     0 | D:1      | Reached XP level 1. HP: 11/11 MP: 2/2
   129 | D:1      | Reached XP level 2. HP: 5/16 MP: 1/3
   414 | D:1      | Reached skill level 3 in Dodging
   915 | D:1      | Reached XP level 3. HP: 19/19 MP: 4/4
  2042 | D:2      | Gained mutation: Your natural rate of healing is unusually
                  | fast. [Vine Stalker growth]
  2042 | D:2      | Reached XP level 4. HP: 23/23 MP: 5/5
  2197 | D:2      | Reached skill level 4 in Dodging
  2276 | D:3      | Found a faded altar of an unknown god.
  2305 | D:3      | HP: 1/23 [orc (6)]
  2305 | D:3      | Slain by an orc

Illustrated notes

Levels and vault maps discovered:
D:1:      moated_graveyard_arrival, layout_loops_ring, st_stairs_6
D:2:      layout_rooms, corexii_item_surrounded_by_moat,
          amcnicky_mini_pool_small
D:3:      layout_rooms, mainiacjoe_overflow_catwalk,
          ebering_ecumenical_altar_mist, minmay_pentangle

Skill      XL: |  1  2  3  4 |
---------------+-------------+-----
Dodging        | 3 4 |  4.3
Fighting       | |  2.6
Short Blades   | |  2.6
Stealth        | |  2.4

Action                   |  1- 3 |  4- 6 || total
-------------------------+-------+-------++-------
Melee: Short sword       |   119 |    47 ||   166
       Bite              |    30 |     9 ||    39
 Stab: Sleeping          |    11 |     3 ||    14
Armor: Robe              |    10 |    10 ||    20
Dodge: Dodged            |    46 |    62 ||   108

Table legend: (Time is in decaauts)
 A = Elapsed time spent in this place.
 B = Non-inter-level travel time spent in this place.
 C = Inter-level travel time spent in this place.
 D = Time resting spent in this place.
 E = Time spent auto-exploring this place.
 F = Levels seen in this place.
 G = Mean time per level.
                   A        B        C        D        E       F      G
               +--------+--------+--------+--------+--------+-----+--------+
         Total |   2300 |   2265 |     35 |    432 |   1412 |   3 |  766.7 |
       Dungeon |   2300 |   2265 |     35 |    432 |   1412 |   3 |  766.7 |
               +--------+--------+--------+--------+--------+-----+--------+

Top non-repeatable levels by time:
     D:1: 1536 daAuts
     D:2: 652 daAuts
     D:3: 111 daAuts
